 Dungeon Crawl Stone Soup version 0.23.0-38-g208d714 (webtiles) character file.

Game seed: 0

46 Fang the Skirmisher (level 3, -3/36 HPs)
             Began as a Gargoyle Berserker on Feb 27, 2019.
             Was a Believer of Trog.
             Slain by a worm (9 damage)
             ... on level 2 of the Dungeon.
             The game lasted 00:01:42 (1122 turns).

Fang the Skirmisher (Gargoyle Berserker)            Turns: 1122, Time: 00:01:42

Health: -3/36      AC:  7    Str: 26    XL:     3   Next: 66%
Magic:  3/3        EV: 12    Int:  7    God:    Trog [**....]
Gold:   91         SH:  0    Dex:  9    Spells: 2/2 levels left

rFire    . . .     SeeInvis .   a - +0 hand axe
rCold    . . .     Gourm    .   (no shield)
rNeg     + . .     Faith    .   b - +0 animal skin
rPois    ∞         Spirit   .   (no helmet)
rElec    +         Reflect  .   (no cloak)
rCorr    .         Harm     .   r - +1 pair of gloves
MR       .....                  (no boots)
Stlth    ..........             (no amulet)
HPRegen  0.12/turn              (no ring)
MPRegen  0.08/turn              (no ring)

@: berserking, very quick
A: negative energy resistance 1, electricity resistance, unbreathing,
petrification resistance, rot immunity, AC +3
a: Berserk, Trog's Hand, Renounce Religion


You were on level 2 of the Dungeon.
You worshipped Trog.
Trog was pleased with you.
You were hungry.

You visited 1 branch of the dungeon, and saw 2 of its levels.

You collected 91 gold pieces.

Inventory:

Hand Weapons
 a - a +0 hand axe (weapon)
Armour
 b - a +0 animal skin (worn)
 r - a +1 pair of gloves (worn)
Scrolls
 d - a scroll of noise {unknown}
 e - 2 scrolls of remove curse {unknown}
 f - 4 scrolls of identify {unknown}
 j - a scroll of fog {unknown}
 k - a scroll of random uselessness {unknown}
 l - a scroll of enchant armour {unknown}
 n - a scroll of magic mapping {unknown}
 o - 2 scrolls of teleportation {unknown}
Potions
 g - a potion of curing {unknown}
 i - a potion of degeneration {unknown}
 m - a potion of flight {unknown}
 p - a potion of might {unknown}
 q - a potion of invisibility {unknown}
Comestibles
 c - 5 rations
 h - 8 chunks of flesh


   Skills:
 + Level 3.7 Fighting
 + Level 3.1 Axes
 + Level 2.9 Armour
 + Level 2.0 Dodging


You had 2 spell levels left.
You didn't know any spells.
Your spell library was empty.

Dungeon Overview and Level Annotations

Branches:
Dungeon (2/15)

Altars:
Kikubaaqudgha
Uskayaw


Innate Abilities, Weirdness & Mutations

You are resistant to torment.
Your stone body is resilient. (AC +3)
You are immune to poison.
You resist negative energy. (rN+)
You are resistant to electric shocks. (rElec)
You can survive without breathing.
You are immune to petrification.
You are immune to rotting.


Message History

You miss the adder. The adder bites you. The worm bites you.
The adder bites you.
* * * LOW HITPOINT WARNING * * *
You are too injured to fight recklessly!
You are too injured to fight recklessly!
You are too injured to fight recklessly!
You are too injured to fight recklessly!
You are too injured to fight recklessly!
You are too injured to fight recklessly!
You are too injured to fight recklessly!
You are too injured to fight recklessly!
You are too injured to fight recklessly!
You are too injured to fight recklessly!
You are too injured to fight recklessly!
You are too injured to fight recklessly!
A red film seems to cover your vision as you go berserk!
You feel yourself moving faster!
You feel mighty!
You are feeling hungry.
The adder misses you. The worm bites you!
You die...

#.#.##.###.###### ...
#.#.##.#...#### ...
####.#.##........#
...#<.....###....##.#
.........# #....##)#
###.## #..###.......#
##.....##.........####
#.....S.#.###.....#
#.....%@#.###.....#
...._..w...##.....#
#......(#........##
#......[#.###.##.#
##.....##.# #.##.#
###.## #.# #.##.# ...
..# #### ###


You could see a worm and an adder.

Vanquished Creatures
  A worm (D:2)
  2 dart slugs (D:1)
  A leopard gecko (D:2)
  2 giant cockroaches
  7 goblins
  4 hobgoblins
  2 jackals (D:2)
  2 quokkas (D:2)
  2 bats
  2 frilled lizards
  7 kobolds
  4 rats
36 creatures vanquished.

Notes
Turn   | Place    | Note
-------+----------+-------------------------------------------
     0 | D:1      | Fang the Gargoyle Berserker began the quest for the Orb.
     0 | D:1      | Reached XP level 1. HP: 14/14 MP: 1/1
    61 | D:1      | Reached XP level 2. HP: 11/19 MP: 2/2
   573 | D:1      | Reached ** piety under Trog
   589 | D:1      | Reached XP level 3. HP: 21/23 MP: 3/3
   753 | D:2      | Found a hide-covered altar of Uskayaw.
  1110 | D:2      | Found an ancient bone altar of Kikubaaqudgha.
  1122 | D:2      | Slain by a worm

Skill      XL: |  1  2  3 |
---------------+----------+-----
Axes           | 3 |  3.1
Dodging        | 2 |  2.0
Fighting       | |  3.7
Armour         | |  2.9

Action                   || total
-------------------------++-------
Melee: Hand axe          ||   105
Invok: Berserk           ||     1
  Eat: Chunk             ||     1
Armor: Animal skin       ||    48
Dodge: Dodged            ||    72
